 Dungeon Crawl Stone Soup version 0.29-a0-270-g1586fc07ea (webtiles) character file.

Game seed: 7909517367399853021

14 testman the Grave Robber (level 2, -4/19 HPs)
             Began as a Demonspawn Necromancer on Mar 7, 2022.
             Slain by Natasha (6 damage)
             ... on level 2 of the Dungeon.
             The game lasted 00:03:53 (1217 turns).

testman the Grave Robber (Demonspawn Necromancer)   Turns: 1217, Time: 00:03:53

Health: -4/19      AC:  2    Str:  8    XL:     2   Next: 31%
Magic:  3/5        EV: 12    Int: 16    God:
Gold:   96         SH:  0    Dex: 13    Spells: 4/5 levels left

rFire   . . .      SeeInvis .   l - +0 dagger
rCold   . . .      Faith    .   (no shield)
rNeg    . . .      Spirit   .   a - +0 robe
rPois   .          Reflect  .   (no helmet)
rElec   .          Harm     .   (no cloak)
rCorr   .          Rampage  .   (no gloves)
Will    .....                   (no boots)
Stlth   ++........              (no amulet)
HPRegen 0.06/turn               (no ring)
MPRegen 0.09/turn               (no ring)

@: slowed, very slow
A: hooves 1
a: no special abilities


You were on level 2 of the Dungeon.
You visited 1 branch of the dungeon, and saw 2 of its levels.

You collected 96 gold pieces.

Inventory:

Hand Weapons
 l - a +0 dagger (weapon)
Missiles
 d - 42 stones
Armour
 a - a +0 robe (worn)
Scrolls
 c - a scroll of identify {unknown}
 e - 2 scrolls of summoning {unknown}
 f - a scroll of amnesia {unknown}
 g - a scroll of vulnerability {unknown}
 h - a scroll of enchant armour {unknown}
 i - a scroll of teleportation {unknown}
 m - a scroll of immolation {unknown}
Potions
 b - 3 potions of magic
 j - a potion of degeneration {unknown}
 k - a potion of berserk rage {unknown}


   Skills:
 - Level 1.7 Dodging
 - Level 1.7 Stealth
 + Level 2.4 Spellcasting
 + Level 4.7 Necromancy


You had 4 spell levels left.
You knew the following spells:

 Your Spells              Type           Power      Damage    Failure   Level
a - Pain                  Necr           68%        1d7       2%          1

Your spell library contained the following spells:

 Spells                   Type           Power      Damage    Failure   Level
 Animate Skeleton         Necr           34%        N/A       2%          1
 Vampiric Draining        Necr           17%        2d7       9%          3
 Animate Dead             Necr           8%         N/A       28%         4
 Frozen Ramparts          Ice            2%         1d2       52%         3
 Ice Form                 Ice/Tmut       1%         N/A       89%         4
 Summon Ice Beast         Ice/Summ       1%         N/A       89%         4
 Agony                    Necr           17%        N/A       61%         5


Dungeon Overview and Level Annotations

Branches:
Dungeon (2/15)

Altars:

Annotations:
D:2 Natasha


Innate Abilities, Weirdness & Mutations

You have large cloven feet.


Message History

Natasha hisses angrily.
Okay, then.
Aiming: Pain (safe; 2% risk of failure)
Press: ? - help, Q - select action, (/) - cycle Shift-Dir - straight line, f - Natasha
Aim: Natasha (chance to affect: 75%) Natasha writhes in agony.
You closely miss Natasha.
Natasha is moderately wounded.
Natasha barely misses you.
You hit Natasha but do no damage.
Natasha is moderately wounded.
Natasha wildly gestures.
You feel troubled. Natasha claws you.
You hit Natasha but do no damage.
Natasha is moderately wounded.
Natasha closely misses you.
Aiming: Pain (safe; 2% risk of failure)
Press: ? - help, Q - select action, (/) - cycle Shift-Dir - straight line, f/p - Natasha
Aim: Natasha (moderately wounded, chance to affect: 75%) Natasha struggles to resist.
Natasha stares at you and mumbles some strange words.
You feel yourself slow down.
You hit Natasha. Your kick misses Natasha.
Natasha is heavily wounded.
Natasha barely misses you. Natasha claws you!
* * * LOW HITPOINT WARNING * * *
Aiming: Pain (safe; 2% risk of failure)
Press: ? - help, Q - select action, (/) - cycle Shift-Dir - straight line, f/p - Natasha
Aim: Natasha (heavily wounded, chance to affect: 75%) Natasha struggles to resist.
Natasha claws you.
* * * LOW HITPOINT WARNING * * *
You hit Natasha. Your kick misses Natasha.
Natasha is severely wounded.
Natasha misses you. Natasha closely misses you.
You closely miss Natasha.
Natasha is severely wounded.
Natasha claws you.
You die...

##..........###......
##...#....##..##..#...
##..........##.##..#.##
#............#..#... ##
#............##.#.###..
#......................
##...#.#....####.......
##........#####.......
##.#@#.#.........##..
#$.h..##............
###.####.......#####
#.# .............. #..
..........#### ....
##..##...## ..##
##.......### .##
##..<...... #.........


You could see Natasha.

Vanquished Creatures
  3 endoplasms (D:1)
  2 goblins
  A hobgoblin (D:2)
  A quokka (D:1)
  A ball python (D:2)
  2 bats (D:1)
  2 frilled lizards (D:1)
  2 rats (D:1)
14 creatures vanquished.

Notes
Turn   | Place    | Note
-------+----------+-------------------------------------------
     0 | D:1      | testman the Demonspawn Necromancer began the quest for the
                  | Orb.
     0 | D:1      | Reached XP level 1. HP: 13/13 MP: 3/3
   684 | D:1      | Discovered your monstrous ancestry.
   684 | D:1      | Gained mutation: You have large cloven feet. [demonic
                  | ancestry]
   684 | D:1      | Reached XP level 2. HP: 18/19 MP: 3/5
  1205 | D:2      | Noticed Natasha
  1217 | D:2      | Slain by Natasha

Illustrated notes

Levels and vault maps discovered:
D:1:      minmay_arrival_semitransparent, layout_loops_ring
D:2:      layout_rooms, serial_glass, glass_columns_a, glass_columns_a,
          uniq_natasha, uniq_terence

Action                   || total
-------------------------++-------
Melee: Unarmed           ||     7
       Dagger            ||    16
       Kick              ||     4
 Cast: Pain              ||    19
 Stab: Sleeping          ||     2
Armor: Robe              ||     4
Dodge: Dodged            ||    12

Table legend: (Time is in decaauts)
 A = Elapsed time spent in this place.
 B = Non-inter-level travel time spent in this place.
 C = Inter-level travel time spent in this place.
 D = Time resting spent in this place.
 E = Time spent auto-exploring this place.
 F = Levels seen in this place.
 G = Mean time per level.
                   A        B        C        D        E       F      G
               +--------+--------+--------+--------+--------+-----+--------+
         Total |   1217 |   1153 |     64 |    205 |    841 |   2 |  608.5 |
       Dungeon |   1217 |   1153 |     64 |    205 |    841 |   2 |  608.5 |
               +--------+--------+--------+--------+--------+-----+--------+

Top non-repeatable levels by time:
     D:1: 996 daAuts
     D:2: 221 daAuts
